 Dungeon Crawl Stone Soup version 0.29.1-2-gbd0b4ee654 (webtiles) character file.

Game seed: 5718265783777342941

3426 GeoRichter the Zephyrmancer (level 10, -3/61 (63) HPs)
             Began as an Octopode Air Elementalist on Nov 17, 2022.
             Was a Priest of Cheibriados.
             Killed from afar by a steam dragon (13 damage)
             ... with a ball of steam
             ... on level 8 of the Dungeon.
             The game lasted 00:17:34 (9606 turns).

GeoRichter the Zephyrmancer (OpAE)                  Turns: 9606, Time: 00:17:34

HP:   -3/61 (63)    AC:  1    Str: 15    XL:     10   Next: 5%
MP:   13/19         EV: 15    Int: 35    God:    Cheibriados [***...]
Gold: 327           SH:  4    Dex: 19    Spells: 14/21 levels left

rFire   . . .      SeeInvis .   v - +7 Singing Sword {vorpal, sonic wave}
rCold   . . .      Faith    .   p - +0 buckler
rNeg    . . .      Spirit   .   (helmet restricted)
rPois   .          Reflect  .   o - amulet of regeneration
rElec   .          Harm     .   m - +6 ring of intelligence
rCorr   .          Rampage  .   (no ring)
Will    .....                   (no ring)
Stlth   ++++......              (no ring)
HPRegen 1.00/turn               (no ring)
MPRegen 0.16/turn               (no ring)
                                (no ring)
                                (no ring)

@: lightly drained, very slow
A: almost no armour, amphibious, 8 rings, camouflage 1, gelatinous body 1,
(nimble swimmer 1), tentacles
a: Renounce Religion, Bend Time, Temporal Distortion


You were on level 8 of the Dungeon.
You worshipped Cheibriados.
Cheibriados was most pleased with you.
You visited 2 branches of the dungeon, and saw 9 of its levels.

You collected 411 gold pieces.
You spent 84 gold pieces at shops.

Inventory:

Hand Weapons
 i - a +3 dagger of venom
   (You took it off a kobold on level 1 of the Dungeon)
 v - the +7 Singing Sword (weapon) {vorpal, sonic wave}
   (You found it on level 4 of the Dungeon)

   It inflicts extra damage upon your enemies.
   It radiates damaging sonic waves as it strikes, especially in combat
   involving dangerous or numerous foes.
Armour
 p - a +0 buckler (worn)
   (You found it on level 2 of the Dungeon)
Jewellery
 m - a +6 ring of intelligence (left tentacle)
   (You found it on level 2 of the Dungeon)
 o - an amulet of regeneration (around mantle)
   (You found it on level 2 of the Dungeon)
Scrolls
 a - 2 scrolls of immolation {!r}
 c - a scroll of brand weapon {unknown}
 d - a scroll of poison {unknown}
 g - a scroll of blinking
 l - a scroll of enchant armour
 n - a scroll of fear
 s - 3 scrolls of teleportation {@r4}
 u - a scroll of magic mapping {unknown}
 x - a scroll of identify {@r1}
 y - a scroll of amnesia {unknown}
Potions
 b - 5 potions of heal wounds {@q2}
 e - 3 potions of invisibility {unknown}
 f - 3 potions of curing {@q1}
 h - 3 potions of degeneration {!q}
 j - a potion of berserk rage {unknown}
 k - 2 potions of ambrosia
 q - a potion of might {unknown}
 r - 2 potions of attraction {!q}
 t - 2 potions of flight {unknown}
 w - a potion of magic


   Skills:
 + Level 3.4 Fighting
 + Level 4.2 Dodging
 + Level 5.9 Stealth
 + Level 6.4 Spellcasting
 - Level 3.5 Conjurations
 * Level 10.2 Air Magic


You had 14 spell levels left.
You knew the following spells:

 Your Spells              Type           Power      Damage    Failure   Level
a - Shock                 Conj/Air       100%       1d9       1%          1
b - Static Discharge      Conj/Air       56%        3-10/arc  1%          2
c - Airstrike             Air            35%        2d(5-21)  1%          4

Your spell library contained the following spells:

 Spells                   Type           Power      Damage    Failure   Level
 Swiftness                Air            70%        N/A       1%          3
 Beastly Appendage        Tmut           22%        N/A       4%          1
 Summon Small Mammal      Summ           44%        N/A       4%          1
 Wereblood                Tmut           11%        N/A       8%          2
 Call Canine Familiar     Summ           11%        N/A       14%         3
 Spider Form              Tmut/Pois      11%        N/A       14%         3
 Summon Guardian Golem    Hex/Summ       11%        N/A       14%         3
 Sticky Flame             Conj/Fire      23%        2d4       24%         4
 Dispel Undead            Necr           11%        3d9       43%         4


Dungeon Overview and Level Annotations

Branches:
Dungeon (8/15) Zot: 40123  Temple (1/1) D:4 Zot: 8845
   Lair: D:8-11

Altars:
Ashenzari
Cheibriados
Dithmenos
Elyvilon
Fedhas
Gozag
Hepliaklqana
Kikubaaqudgha
Makhleb
Nemelex Xobeh
Okawaru
Qazlal
Ru
Sif Muna
Trog
Uskayaw
Vehumet
Wu Jian
Xom
Yredelemnul
Zin
The Shining One

Shops:
D:5 *   D:6 (

Annotations:
D:4 2 transporters, Rigoremortis's ghost, amateur DsBe
D:6 1 runed translucent door, tailblues's ghost, novice DgTm


Innate Abilities, Weirdness & Mutations

You cannot wear most types of armour.
You are amphibious.
You can wear up to eight rings at the same time.
Your skin changes colour to match your surroundings (Stealth+).
Your rubbery body absorbs attacks. (AC +1, EV +1)
((You are camouflaged when in or above water. (Stealth+)))
You have tentacles for arms and can constrict up to eight enemies at once.


Message History

You kill the kobold!
Cheibriados appreciates the change of pace.
You hear the creaking of a portcullis nearby.
Things that are here:
a +0 club; a +0 scale mail
There is an open door here.
Things that are here:
a +0 dagger; a +0 robe; an orc corpse
Things that are here:
a +0 dagger; a +1 leather armour of fire resistance; an orc corpse
Things that are here:
a +0 dagger; a +0 robe; an orc corpse
There is an open door here.
Items here: ( )) †.
There is a stone staircase leading up here.
You hear the steady creaking of a distant portcullis.
You open the door.
There is an open door here.
Found a stone staircase leading down.
You open the door.
There is an open door here.
You open the door.
A water moccasin and a steam dragon come into view.
A wight comes into view. It is wielding a +3 great sword.
There is an open door here.
The wight is struck by an arc of lightning.
You are struck by an arc of lightning.
The wight is struck by an arc of lightning.
You are struck by an arc of lightning.
The lightning grounds out.
The steam dragon hisses angrily.
The water moccasin hisses angrily.
The wight hits you with a +3 great sword!!
You feel drained.
* * * LOW HITPOINT WARNING * * *
The wight is struck by an arc of lightning!
You destroy the wight!
Cheibriados thoroughly appreciates the change of pace.
You are struck by an arc of lightning.
* * * LOW HITPOINT WARNING * * *
The steam dragon is struck by an arc of lightning!
The water moccasin is struck by an arc of lightning.
The steam dragon is struck by an arc of lightning!
The water moccasin is struck by an arc of lightning.
The lightning grounds out.
The steam dragon breathes steam at you. The ball of steam hits you!
* * * LOW HITPOINT WARNING * * *
You hear an angry buzzing noise.
The steam dragon breathes steam at you. The ball of steam hits you!
You die...

#.......##.....#
##.#######.....#
#..# ##.# #.#
##'# ##..##
#§...# +.§@.# ##
##.§##..##
###DS...#
##....# #..##
#+#


You could see a steam dragon (catching breath).

Vanquished Creatures
  Prince Ribbit (D:6)
  Sigmund (D:2)
  A steam dragon (D:6)
  Edmund (D:5)
  Menkaure (D:6)
  An orc warrior (D:8)
  2 ice beasts
  2 sky beasts
  A black bear (D:5)
  An ogre (D:4)
  Blork the orc (D:4)
  2 kobold brigands
  2 bullfrogs (D:7)
  A necrophage (D:5)
  A gnoll sergeant (D:7)
  6 scorpions
  10 wights
  3 hounds
  A gnoll bouda (D:5)
  An orc priest (D:8)
  4 orc wizards
  4 iguanas
  23 gnolls
  6 adders
  A shadow imp (D:8)
  A white imp (D:5)
  A worm (D:2)
  A dart slug (D:1)
  21 orcs
  7 ball pythons
  6 bats
  8 endoplasms
  3 giant cockroaches (D:1)
  5 goblins
  7 hobgoblins
  3 jackals (D:1)
  10 kobolds
  4 quokkas
  4 frilled lizards
  4 rats
163 creatures vanquished.

Vanquished Creatures (others)
  2 plants (D:2)
2 creatures vanquished.

Grand Total: 165 creatures vanquished

Notes
Turn   | Place    | Note
-------+----------+-------------------------------------------
     0 | D:1      | GeoRichter the Octopode Air Elementalist began the quest
                  | for the Orb.
     0 | D:1      | Reached XP level 1. HP: 11/11 MP: 3/3
   304 | D:1      | Reached XP level 2. HP: 17/17 MP: 1/5
   937 | D:1      | Reached XP level 3. HP: 17/21 MP: 2/6
  1336 | D:2      | Reached skill level 4 in Air Magic
  1336 | D:2      | Reached XP level 4. HP: 27/27 MP: 1/7
  1685 | D:2      | Reached XP level 5. HP: 31/31 MP: 2/9
  1951 | D:2      | Noticed Sigmund
  1983 | D:2      | Killed Sigmund
  1984 | D:2      | Reached skill level 5 in Air Magic
  1984 | D:2      | Reached XP level 6. HP: 36/36 MP: 8/11
  2627 | D:3      | Learned a level 2 spell: Static Discharge
  2632 | D:3      | Learned a level 4 spell: Airstrike
  2689 | D:3      | Found a burning altar of Makhleb.
  3656 | D:4      | Found a staircase to the Ecumenical Temple.
  3672 | Temple   | Entered the Ecumenical Temple
  3785 | D:4      | Noticed Rigoremortis's ghost (amateur DsBe)
  3789 | D:4      | You fall into a shaft and drop 1 floor!
  3789 | D:5      | Entered Level 5 of the Dungeon
  3799 | D:5      | Reached XP level 7. HP: 41/41 MP: 5/12
  3905 | D:5      | Found a stormy altar of Qazlal.
  3931 | D:4      | Reached skill level 6 in Air Magic
  4061 | D:4      | Found a snail-covered altar of Cheibriados.
  4064 | D:4      | Found a transporter.
  4073 | D:4      | Became a worshipper of Cheibriados the Contemplative
  4080 | D:4      | Found a transporter.
  4283 | D:4      | Found an opulent altar of Gozag.
  4285 | D:4      | Found the +7 Singing Sword {vorpal, sonic wave}
  4292 | D:4      | Noticed Blork the orc
  4356 | D:4      | Killed Blork the orc
  4916 | D:5      | Reached skill level 7 in Air Magic
  5041 | D:5      | Reached XP level 8. HP: 45/46 MP: 7/14
  5100 | D:5      | Reached * piety under Cheibriados
  5142 | D:5      | Noticed Edmund
  5155 | D:5      | Killed Edmund
  5270 | D:5      | Reached skill level 5 in Spellcasting
  5323 | D:5      | Found Kiesaot's General Store.
  5342 | D:5      | Reached skill level 8 in Air Magic
  5385 | D:5      | Bought 3 scrolls of identify for 84 gold pieces
  6014 | D:5      | Found a hide-covered altar of Uskayaw.
  6061 | D:5      | Found a bloodstained altar of Trog.
  6107 | D:5      | Found a sacrificial altar of Ru.
  6611 | D:6      | Reached ** piety under Cheibriados
  7034 | D:6      | Reached skill level 1 in Fighting
  7034 | D:6      | Reached XP level 9. HP: 21/53 MP: 7/17
  7154 | D:6      | Found Ypsuri's Antique Weapon Shop.
  7173 | D:6      | Noticed Menkaure
  7186 | D:6      | Reached skill level 9 in Air Magic
  7217 | D:6      | Noticed Prince Ribbit
  7221 | D:6      | Killed Prince Ribbit
  7391 | D:6      | Found a runed translucent door.
  7392 | D:6      | Found a shimmering altar of Xom.
  7392 | D:6      | Noticed tailblues's ghost (novice DgTm)
  7393 | D:6      | Noticed a +1 rapier of chaos
  7511 | D:6      | Killed Menkaure
  7677 | D:6      | Found a radiant altar of Vehumet.
  8108 | D:7      | Found a shimmering blue altar of Sif Muna.
  8218 | D:7      | Reached skill level 5 in Stealth
  9132 | D:7      | Reached skill level 10 in Air Magic
  9287 | D:8      | Reached *** piety under Cheibriados
  9430 | D:8      | Reached XP level 10. HP: 63/63 MP: 15/19
  9606 | D:8      | Killed from afar by a steam dragon

Illustrated notes

Levels and vault maps discovered:
D:1:      zelgadis_glass_arrival_small, layout_loops_cross, minmay_unequal
D:2:      wander_river, layout_loops_corners, serial_bayou_pond_a, st_stairs_5,
          hex_medium, uniq_sigmund
D:3:      layout_loops_corners, old_standard_altar
D:4:      layout_gridville, mainiacjoe_overflow_brackets, cheibriados_altar_1,
          minmay_temple_entry_stoned_glass, gammafunk_ghost_stat_death,
          uniq_blork_the_orc
D:5:      layout_layer_cave, nicolae_overflow_quartered_altars, serial_shops,
          shop, uniq_edmund
D:6:      layout_loops_ring, lemuel_tele_altar, ebering_ghost_xom, serial_shops,
          kennysheep_mini_moat, uniq_prince_ribbit1, uniq_menkaure
D:7:      layout_cave_pods, nicolae_sif_muna_condensation
D:8:      minmay_bubble_buster, layout_basic, serial_curves, eino_curves_03,
          eino_curves_03, enter_bailey_5
Temple:   hellmonk_temple_forest_ring

Skill      XL: |  1  2  3  4  5  6  7  8  9 |
---------------+----------------------------+-----
Conjurations   | 2 3 |  3.5
Air Magic      | 4 5 7 8 10 | 10.2
Spellcasting   | 3 4 5 6 |  6.4
Stealth        | 3 5 |  5.9
Fighting       | 1 3 |  3.4
Dodging        | 4 |  4.2

Action                   |  1- 3 |  4- 6 |  7- 9 | 10-12 || total
-------------------------+-------+-------+-------+-------++-------
Melee: Unarmed           |     4 |       |       |       ||     4
       Constrict         |     4 |       |     1 |       ||     5
       Dagger            |     9 |       |       |       ||     9
       Tentacles         |     2 |       |     6 |       ||     8
       Double sword      |       |       |    17 |       ||    17
 Cast: Shock             |    51 |   102 |   163 |    11 ||   327
       Static Discharge  |       |       |    44 |     4 ||    48
       Airstrike         |       |       |    10 |     1 ||    11
  Use: Potion            |       |     1 |     1 |       ||     2
       Scroll            |       |       |     9 |       ||     9
 Stab: Sleeping          |     2 |       |     1 |       ||     3
Armor: Skin              |     2 |     1 |     3 |       ||     6
Dodge: Dodged            |     6 |     3 |    31 |     1 ||    41
